 Dungeon Crawl Stone Soup version 0.29.1-12-g30fa7ad0bf (webtiles) character file.

Game seed: 14836025343280480358

70 xzight the Shield-Bearer (level 4, 0/41 HPs)
             Began as a Gnoll Fighter on Dec 27, 2022.
             Succumbed to Sigmund's poison
             ... on level 3 of the Dungeon.
             The game lasted 00:03:02 (1823 turns).

xzight the Shield-Bearer (Gnoll Fighter)            Turns: 1823, Time: 00:03:03

Health: 0/41       AC: 13    Str: 18    XL:     4   Next: 22%
Magic:  5/5        EV:  5    Int:  7    God:
Gold:   84         SH:  5    Dex: 11    Spells: 5/5 levels left

rFire   . . .      SeeInvis .   a - +0 flail
rCold   . . .      Faith    .   c - +0 buckler
rNeg    . . .      Spirit   .   g - +0 plate armour
rPois   .          Reflect  .   (no helmet)
rElec   .          Harm     .   (no cloak)
rCorr   .          Rampage  .   (no gloves)
Will    .....                   (no boots)
Stlth   ..........              l - amulet of the acrobat
HPRegen 0.13/turn               (no ring)
MPRegen 0.09/turn               (no ring)

@: lethally poisoned (0 -> -33)
A: fangs 1, strong nose, distributed training
a: no special abilities


You were on level 3 of the Dungeon.
You visited 1 branch of the dungeon, and saw 3 of its levels.

You collected 84 gold pieces.


Innate Abilities, Weirdness & Mutations

You have very sharp teeth.
Your uncanny sense of smell can sniff out nearby items.
Your experience applies equally to all skills.


   Skills:
 + Level 6.6 Fighting
 + Level 1.1 Short Blades
 + Level 1.1 Long Blades
 + Level 1.1 Axes
 + Level 4.6 Maces & Flails
 + Level 1.1 Polearms
 + Level 1.1 Staves
 + Level 1.1 Ranged Weapons
 + Level 1.1 Throwing
 + Level 6.6 Armour
 + Level 1.1 Dodging
 + Level 1.1 Stealth
 + Level 6.6 Shields
 + Level 1.1 Unarmed Combat
 + Level 1.1 Spellcasting
 + Level 0.9 Conjurations
 + Level 0.9 Hexes
 + Level 0.9 Summonings
 + Level 0.9 Necromancy
 + Level 0.9 Translocations
 + Level 0.9 Transmutations
 + Level 0.9 Fire Magic
 + Level 0.9 Ice Magic
 + Level 0.9 Air Magic
 + Level 0.9 Earth Magic
 + Level 0.9 Poison Magic
 + Level 1.2 Invocations
 + Level 1.1 Evocations


You had 5 spell levels left.
You didn't know any spells.
Your spell library was empty.

Inventory:

Hand Weapons
 a - a +0 flail (weapon)
Armour
 c - a +0 buckler (worn)
 g - a +0 plate armour (worn)
Jewellery
 l - an amulet of the acrobat (around neck)
 M - a ring of magical power
Scrolls
 b - a scroll of silence {unknown}
 e - a scroll of blinking {unknown}
 f - 2 scrolls of identify {@r1}
 h - a scroll of amnesia {unknown}
 i - a scroll of summoning {unknown}
 j - a scroll of fear {unknown}
 m - a scroll of acquirement {unknown}
Potions
 d - a potion of might

Dungeon Overview and Level Annotations

Branches:
Dungeon (3/15)

Altars:

Annotations:
D:3 exclusion: 2 upstairs, Sigmund

##### ############
#...#####..........#
######.#.##......<..##
#.......@............#
.###.▓{####.........#
▓..###....(....#
▓▓..##....>....#
▓▓..#.........#
▓▓...........#
+▓..........#
▓▓.........#
▓▓▓.......#


There were no monsters in sight!


Message History

You sock the goblin!
You kill the goblin!
You start resting.
There is a strange disturbance nearby!
Something closely misses you.
Things that are here:
a +0 club; a scroll labelled MAKATU QOTWOR; a goblin corpse You thump something!
You miss something.
You hear some strange, mumbled words.
A magic dart appears from out of thin air!
The magic dart hits you. Something hits you.
You are poisoned.
You miss something.
You feel very sick.
You barely miss something.
You feel sick. Something hits you.
You are more poisoned.
You miss something.
* * * LOW HITPOINT WARNING * * *
You feel very sick. Something hits you but does no damage.
You are lethally poisoned!
You closely miss something.
* * * LOW HITPOINT WARNING * * *
You feel very sick. Something hits you.
* * * LOW HITPOINT WARNING * * *
You are more poisoned.
You closely miss something.
You die...

Skill      XL: |  1  2  3 |
---------------+----------+-----
Invocations    | 1 |  1.2
Short Blades   | 1 |  1.1
Long Blades    | 1 |  1.1
Axes           | 1 |  1.1
Polearms       | 1 |  1.1
Staves         | 1 |  1.1
Ranged Weapons | 1 |  1.1
Throwing       | 1 |  1.1
Dodging        | 1 |  1.1
Stealth        | 1 |  1.1
Unarmed Combat | 1 |  1.1
Spellcasting   | 1 |  1.1
Evocations     | 1 |  1.1
Fighting       | |  6.6
Maces & Flails | |  4.6
Armour         | |  6.6
Shields        | |  6.6
Conjurations   | |  0.9
Hexes          | |  0.9
Summonings     | |  0.9
Necromancy     | |  0.9
Translocations | |  0.9
Transmutations | |  0.9
Fire Magic     | |  0.9
Ice Magic      | |  0.9
Air Magic      | |  0.9
Earth Magic    | |  0.9
Poison Magic   | |  0.9

Action                   |  1- 3 |  4- 6 || total
-------------------------+-------+-------++-------
Melee: Flail             |   120 |    25 ||   145
       Bite              |     4 |     1 ||     5
  Use: Scroll            |       |     1 ||     1
       Potion            |       |     1 ||     1
Armor: Scale mail        |    23 |       ||    23
       Plate armour      |    39 |     9 ||    48
Dodge: Dodged            |    45 |     6 ||    51
Block: Buckler           |    31 |     7 ||    38

Levels and vault maps discovered:
D:1:      scummos_arrival_star, layout_basic, minmay_misc_feat_chi,
          minmay_pentomino_z4
D:2:      layout_basic, st_stairs_4, grunt_ministairs_6
D:3:      layout_rooms, tso_metal_star, portal_sewer_entry_a,
          minmay_misc_feat_rugged, kennysheep_small_spiral, uniq_sigmund

Notes
Turn   | Place    | Note
-------+----------+-------------------------------------------
     0 | D:1      | xzight the Gnoll Fighter began the quest for the Orb.
     0 | D:1      | Reached XP level 1. HP: 23/23 MP: 1/1
    25 | D:1      | Reached XP level 2. HP: 25/29 MP: 2/2
   338 | D:1      | Reached XP level 3. HP: 34/35 MP: 3/3
   601 | D:1      | Reached skill level 1 in Invocations
   910 | D:2      | Reached skill level 1 in Short Blades
   910 | D:2      | Reached skill level 1 in Long Blades
   910 | D:2      | Reached skill level 1 in Axes
   910 | D:2      | Reached skill level 1 in Polearms
   910 | D:2      | Reached skill level 1 in Staves
   910 | D:2      | Reached skill level 1 in Ranged Weapons
   910 | D:2      | Reached skill level 1 in Throwing
   910 | D:2      | Reached skill level 1 in Dodging
   910 | D:2      | Reached skill level 1 in Stealth
   910 | D:2      | Reached skill level 1 in Unarmed Combat
   910 | D:2      | Reached skill level 1 in Spellcasting
   910 | D:2      | Reached skill level 1 in Evocations
  1281 | D:2      | Reached XP level 4. HP: 41/41 MP: 5/5
  1508 | D:3      | Noticed Sigmund
  1524 | D:3      | HP: 3/41 [poisoned by Sigmund]
  1823 | D:3      | Succumbed to Sigmund's poison

Vanquished Creatures
  A gnoll (D:1)
  An adder (D:2)
  2 worms (D:2)
  3 endoplasms (D:1)
  6 goblins
  2 hobgoblins
  A jackal (D:1)
  8 kobolds
  3 quokkas (D:1)
  5 ball pythons
  6 bats
  2 frilled lizards
  6 rats
46 creatures vanquished.

Table legend: (Time is in decaauts)
 A = Elapsed time spent in this place.
 B = Non-inter-level travel time spent in this place.
 C = Inter-level travel time spent in this place.
 D = Time resting spent in this place.
 E = Time spent auto-exploring this place.
 F = Levels seen in this place.
 G = Mean time per level.
                   A        B        C        D        E       F      G
               +--------+--------+--------+--------+--------+-----+--------+
         Total |   1853 |   1751 |    102 |    204 |   1148 |   3 |  617.7 |
       Dungeon |   1853 |   1751 |    102 |    204 |   1148 |   3 |  617.7 |
               +--------+--------+--------+--------+--------+-----+--------+

Top non-repeatable levels by time:
     D:2: 903 daAuts
     D:1: 865 daAuts
     D:3: 85 daAuts

Table legend:
 A = Non-vault XP
 B = Vault XP
 C = Vault XP percentage of total XP
 D = Non-vault monster count
 E = Vault monster count
 F = Vault count percentage of total count
                 A         B        C        D         E       F
            +---------+---------+-------+---------+---------+-------
      Total |      91 |      10 |   9.9 |      38 |       8 |  17.4
            +---------+---------+-------+---------+---------+-------
        D:1 |      51 |       6 |  10.5 |      25 |       4 |  13.8
        D:2 |      37 |       4 |   9.8 |      11 |       4 |  26.7
        D:3 |       3 |       0 |   0.0 |       2 |       0 |   0.0
            +---------+---------+-------+---------+---------+-------
